 Dungeon Crawl Stone Soup version 0.30-b1-2-g02819fbbbe (webtiles) character file.

Game seed: 3265521894998778151

19 sanka the Sneak (level 2, -2/21 HPs)
             Began as a Vampire Hedge Wizard on May 9, 2023.
             Succumbed to an adder's poison
             ... on level 2 of the Dungeon.
             The game lasted 00:01:25 (977 turns).

sanka the Sneak (Vampire Hedge Wizard)               Turns: 977, Time: 00:01:25

Health: -2/21      AC:  2    Str:  9    XL:     2   Next: 55%
Magic:  6/6        EV: 12    Int: 16    God:
Gold:   30         SH:  0    Dex: 13    Spells: 6/7 levels left

rFire   . . .        g - +1 dagger (venom)
rCold   . . .        (no shield)
rNeg    . . .        b - +0 robe
rPois   .            c - +0 hat
rElec   .            (no cloak)
rCorr   .            (no gloves)
SInv    +            (no boots)
Will    .....        (no amulet)
Stlth   ++           (no ring)
HPRegen 0.43/turn    (no ring)
MPRegen 0.10/turn

%: no passive effects
@: lethally poisoned (-2 -> -10), healing quickly, hasted, very quick
A: alive, fangs 3, see invisible, vampiric 1
a: Exsanguinate


You were on level 2 of the Dungeon.
You visited 1 branch of the dungeon, and saw 2 of its levels.

You collected 30 gold pieces.

Inventory:

Hand Weapons
 a - a +0 dagger
 g - a +1 dagger of venom (weapon)
Armour
 b - a +0 robe (worn)
 c - a +0 hat (worn)
Potions
 d - a potion of magic
 f - a potion of lignification {unknown}
 h - a potion of curing {unknown}


   Skills:
 + Level 1.3 Fighting
 + Level 2.9 Dodging
 - Level 3.0 Stealth
 - Level 3.0 Spellcasting
 - Level 0.6 Conjurations
 - Level 1.0 Summonings
 - Level 0.7 Translocations


You had 6 spell levels left.
You knew the following spells:

 Your Spells              Type           Power      Damage    Failure   Level
a - Magic Dart            Conj           16%        1d3       14%         1

Your spell library contained the following spells:

 Spells                   Type           Power      Damage    Failure   Level
 Slow                     Hex            8%         N/A       19%         1
 Call Imp                 Summ           10%        N/A       19%         2
 Blink                    Tloc           8%         N/A       22%         2
 Cigotuvi's Dreadful Rot  Necr/Pois/Air  4%         N/A       28%         2
 Mephitic Cloud           Conj/Pois/Air  3%         N/A       45%         3


Dungeon Overview and Level Annotations

Branches:
Dungeon (2/15)

Altars:

Shops:
D:1 *


Innate Abilities, Weirdness & Mutations

Your natural rate of healing is accelerated.
You have razor-sharp teeth.
You have supernaturally acute eyesight. (SInv)
You are afflicted with vampirism.


Message History

You are frozen.
You hit the endoplasm.
You kill the endoplasm!
No target in view!
HP restored.
Found an escape hatch in the floor.
An adder comes into view.
An adder is nearby!
An adder is nearby!
An adder comes into view.
You miss the adder.
The adder hisses angrily. x2
The adder bites you. The adder bites you but does no damage.
The adder misses you. The adder attacks as you move away! The adder bites you.
The adder attacks as you move away! The adder closely misses you.
You miss the adder. The adder bites you. The adder closely misses you.
You barely miss the adder. Your bite misses the adder. The adder bites you.
You are poisoned.
The adder poisons you!
You closely miss the adder.
You feel sick. The adder barely misses you.
You miss the adder.
You feel sick. The adder bites you.
You are more poisoned.
The adder poisons you! The adder misses you.
You hit the adder but do no damage. Your punch misses the adder.
You feel very sick.
* * * LOW HITPOINT WARNING * * *
You feel sick. The adder barely misses you. The adder bites you.
* * * LOW HITPOINT WARNING * * *
You are more poisoned.
The adder poisons you! The adder bites you but does no damage.
You barely miss the adder.
* * * LOW HITPOINT WARNING * * *
You feel very sick. The adder closely misses you. The adder barely misses you.
The adder misses you.
Unknown command.
Unknown command.
It was a potion of haste.
You feel yourself speed up.
You die...

..........# .......#..#
..........# ....#...#.#
........#.## .
...........###### .
..........###...# .#
........#S.....## .#
.......S@......# ..
........##..######### .#
........##.##.......###.#
............#.......##..#
......#...>..........#.##
..##.....###.............
.. #....## #........#.###
..##. #...######.# . #
###..### #.#


You could see 2 adders.

Vanquished Creatures
  6 endoplasms
  A giant cockroach (D:1)
  A hobgoblin (D:1)
  5 kobolds (D:1)
  3 rats
16 creatures vanquished.

Notes
Turn   | Place    | Note
-------+----------+-------------------------------------------
     0 | D:1      | sanka the Vampire Hedge Wizard began the quest for the Orb.
     0 | D:1      | Reached XP level 1. HP: 13/13 MP: 4/4
    76 | D:1      | Found Reustaed's Assorted Antiques.
   182 | D:1      | Reached skill level 1 in Fighting
   182 | D:1      | Reached XP level 2. HP: 10/21 MP: 6/6
   976 | D:2      | HP: 1/21 [poisoned by an adder]
   977 | D:2      | Succumbed to an adder's poison

Illustrated notes

Levels and vault maps discovered:
D:1:      matt_arrival_grand_opening, layout_basic, serial_shops, shop,
          minmay_misc_feat_more_columns
D:2:      layout_rooms, kennysheep_another_room

Skill      XL: |  1 |
---------------+----+-----
Fighting       | 1 |  1.3
Dodging        | |  2.9
Stealth        | |  3.0
Spellcasting   | |  3.0
Conjurations   | |  0.6
Summonings     | |  1.0
Translocations | |  0.7

Action                     || total
---------------------------++-------
  Melee: Dagger            ||    55
         Bite              ||     3
   Cast: Magic Dart        ||     1
    Use: Potion            ||     1
   Stab: Sleeping          ||     5
 Armour: Robe              ||    12
  Dodge: Dodged            ||    27
